AoeStats
← _Orca_

African Clearing

506523179Analyzed
2v2 RM · 18d ago on Sep 13, 2026· 34m 25s· 4 players
Game mode
Random Map
Map size
Medium (4 player)
Population
200
Speed
Normal
Resources
Standard
Victory
Conquest
Starting age
Dark Age
Ending age
Imperial Age
RankedLock teamsTeams togetherTeam positionsShared explorationLock speedFull tech treeHidden civsTurbo modeCheats
Victory
Defeat
🇧🇩 Poles · Bangladesh
1303
+10
🇫🇷 Huns · France
1242
+11
🇧🇷 Tupi · Brazil
1197
-12
🇧🇷 Chinese · Brazil
1113
-9
CoeurLaurent
12:17 Feudal Age
11:04 Loom
17:00 Castle Age
14:53 Double-Bit Axe
15:37 Stone Mining
16:18 Fletching
32:01 Horse Collar
33:31 Bow Saw
34:09 Bodkin Arrow
_Orca_
3:55 Loom
14:54 Feudal Age
19:59 Castle Age
18:08 Double-Bit Axe
18:04 Horse Collar
21:55 Bow Saw
21:52 Scale Barding Armor
23:49 Szlachta Privileges
23:53 Scale Barding Armor
24:38 Bloodlines
26:42 Town Watch
27:33 Wheelbarrow
28:19 Husbandry
31:24 Chain Barding Armor
31:15 Forging
31:31 Gold Mining
31:44 Heavy Plow
32:19 Fletching
Taxista
3:17 Loom
12:40 Feudal Age
16:00 Scale Barding Armor
23:00 Castle Age
26:59 Squires
31:39 Stone Mining
33:18 Horse Collar
Dioin
5:11 Loom
12:42 Feudal Age
13:22 Double-Bit Axe
14:19 Champi Runner
18:35 Fletching
20:38 Horse Collar
25:26 Castle Age
22:59 Champi Runner
24:25 Stone Mining
24:40 Padded Archer Armor
26:28 Pikeman
27:53 Wheelbarrow
27:31 Bodkin Arrow
31:54 Champi Warrior
32:36 Squires
33:08 Ballistics
Connection lost

Rejoining the realm…

Still unreachable

The connection could not be restored.

Session expired

The server has moved on; the page needs a fresh start.